 Dungeon Crawl Stone Soup version 0.29-a0-841-g116ddc6ace (webtiles) character file.

Game seed: 2963442983793368101

8230 mcwallace the Trooper (level 11, -5/58 HPs)
             Began as a Vine Stalker Fighter on July 15, 2022.
             Was a Priest of the Shining One.
             Slain by a six-headed hydra (7 damage)
             ... on level 1 of the Lair of Beasts.
             The game lasted 00:37:57 (7692 turns).

mcwallace the Trooper (Vine Stalker Fighter)        Turns: 7692, Time: 00:37:57

Health: -5/58      AC: 17    Str: 23    XL:     11   Next: 27%
Magic:  0/22       EV:  9    Int:  8    God:    the Shining One [***...]
Gold:   721        SH:  5    Dex: 14    Spells: 21/23 levels left

rFire   + . .      SeeInvis +   a - +2 scimitar (flame) {long}
rCold   . . .      Faith    .   c - +0 buckler
rNeg    + . .      Spirit   +   v - +0 chain mail
rPois   +          Reflect  .   Y - +2 helmet {SInv}
rElec   .          Harm     .   g - +0 cloak
rCorr   .          Rampage  .   C - +0 pair of gloves
Will    +....                   F - +0 pair of boots
Stlth   ..........              i - amulet of magic regeneration {@e2}
HPRegen 0.99/turn               t - ring of protection from fire
MPRegen 0.58/turn               I - ring of poison resistance

@: glowing
A: fangs 3, regeneration 1, magic shield, antimagic bite, no potion heal 2
a: Renounce Religion, Divine Shield, Cleansing Flame


You were on level 1 of the Lair of Beasts.
You worshipped the Shining One.
The Shining One was most pleased with you.
You visited 3 branches of the dungeon, and saw 10 of its levels.
You also visited: Ossuary.

You collected 721 gold pieces.


Innate Abilities, Weirdness & Mutations

You have razor-sharp teeth.
Your natural rate of healing is unusually fast.
When hurt, damage is shared between your health and your magic reserves.
Your bite disrupts and absorbs the magic of your enemies.
Potions cannot restore your health.


   Skills:
 + Level 6.7 Fighting
 + Level 5.9 Short Blades
 + Level 6.1 Armour
 + Level 5.0 Dodging
 - Level 5.0 Shields
 + Level 6.6 Spellcasting
 - Level 5.0 Translocations
 + Level 5.0 Invocations
 - Level 2.4 Evocations


You had 21 spell levels left.
You knew the following spells:

 Your Spells              Type           Power      Damage    Failure   Level
a - Blink                 Tloc           20%        N/A       36%         2

Your spell library contained the following spells:

 Spells                   Type           Power      Damage    Failure   Level
 Lesser Beckoning         Tloc           10%        N/A       58%         3
 Passage of Golubria      Tloc           10%        N/A       94%         4
 Poisonous Vapours        Pois/Air       4%         N/A       96%         2
 Summon Guardian Golem    Hex/Summ       2%         N/A       99%         3
 Tukima's Dance           Hex            2%         N/A       99%         3
 Corpse Rot               Necr/Pois/Air  2%         N/A       100%        4
 Fulminant Prism          Conj/Hex       1%         3d6       100%        4
 Iskenderun's Mystic Bla  Conj/Tloc      6%         2d4       100%        4
 Lee's Rapid Deconstruct  Erth           1%         3d5*      100%        5
 Manifold Assault         Tloc           10%        N/A       100%        5
 Yara's Violent Unravell  Hex/Tmut       1%         3d3       100%        5
 Orb of Destruction       Conj           1%         9d5       100%        7
 Spellforged Servitor     Conj/Summ      1%         N/A       100%        7

Inventory:

Hand Weapons
 a - a +2 scimitar of flaming (weapon) {long}
   (You took it off Erica on level 8 of the Dungeon)
 m - the +4 dagger of Suicidal Tendencies {flame, rElec rF- Str+3 Dex+6, short}
   (You found it on level 3 of the Dungeon)

   It burns those it strikes, dealing additional fire damage.
   Str:       It affects your strength (+3).
   Dex:       It affects your dexterity (+6).
   rF:        It makes you vulnerable to fire.
   rElec:     It insulates you from electricity.
 U - a +2 long sword of holy wrath {long}
   (You found it on level 6 of the Dungeon)
Missiles
 f - 2 throwing nets (quivered) {=f!fthrowing}
 l - 63 stones {throwing}
 x - 3 boomerangs {throwing}
 y - 2 javelins {throwing}
 T - 19 poisoned darts {throwing}
Armour
 c - a +0 buckler (worn)
 g - a +0 cloak (worn)
   (You took it off Crazy Yiuf on level 7 of the Dungeon)
 j - a +1 robe of positive energy
   (You found it on level 1 of the Dungeon)
 v - a +0 chain mail (worn)
   (You took it off an orc on level 3 of the Dungeon)
 C - a +0 pair of gloves (worn)
   (You found it on level 3 of the Dungeon)
 F - a +0 pair of boots (worn)
   (You found it on level 3 of the Dungeon)
 Q - a +2 robe of willpower
   (You took it off Erica on level 8 of the Dungeon)
 Y - a +2 helmet of see invisible (worn)
   (You found it on level 6 of the Dungeon)
Magical Staves
 B - a staff of air {!astaff}
   (You found it on level 3 of the Dungeon)
 L - a staff of fire {!astaff}
   (You found it on level 8 of the Dungeon)
Jewellery
 i - an amulet of magic regeneration (around neck) {@e2}
   (You found it on level 1 of the Dungeon)
 t - a ring of protection from fire (left hand)
   (You found it on level 8 of the Dungeon)
 z - an amulet of reflection
   (You found it on level 3 of the Dungeon)
 I - a ring of poison resistance (right hand)
   (You found it on level 8 of the Dungeon)
 R - a ring of positive energy
   (You took it off a gnoll bouda on level 5 of the Dungeon)
Wands
 K - a wand of paralysis (18)
   (You found it on level 4 of the Dungeon)
 X - a wand of flame (29)
   (You found it on level 6 of the Dungeon)
 Z - a wand of roots (8)
   (You took it off Joseph on level 7 of the Dungeon)
Scrolls
 k - 5 scrolls of teleportation {@r4}
 n - 2 scrolls of vulnerability {unknown}
 p - 4 scrolls of fog
 A - 2 scrolls of enchant armour {unknown}
 D - 4 scrolls of fear
 E - a scroll of amnesia {unknown}
 G - a scroll of summoning {unknown}
 J - a scroll of immolation {unknown}
 O - a scroll of poison {unknown}
 P - a scroll of magic mapping {unknown}
Potions
 b - 2 potions of magic {unknown}
 d - a potion of ambrosia {unknown}
 e - 3 potions of cancellation {unknown}
 h - 3 potions of attraction {unknown}
 o - 6 potions of heal wounds {@q2}
 q - 6 potions of mutation {!q}
 r - 2 potions of brilliance {unknown}
 s - 3 potions of invisibility
 u - 2 potions of berserk rage {unknown}
 w - 8 potions of curing {unknown}
 H - 4 potions of degeneration {unknown}
 M - a potion of haste {unknown}
 N - 7 potions of lignification {!q}

Dungeon Overview and Level Annotations

Branches:
Dungeon (8/15) Zot: 25848  Temple (1/1) D:6 Zot: 5979    Lair (1/6) D:8 Zot: 5761
Ossuary (visited)

Altars:
Cheibriados
Dithmenos
Hepliaklqana
Kikubaaqudgha
Makhleb
Nemelex Xobeh
Okawaru
Qazlal
Sif Muna
Trog
Uskayaw
Vehumet
Wu Jian
Yredelemnul
Zin
The Shining One

Shops:
D:2 (   D:5 (

Annotations:
D:7 2 transporters, MisterPants's ghost, novice MiMo
D:8 4 runed translucent doors

### #######.# #.......#
###
#.......############.#####
#....>..##.#.##......#.#.#
#.......D@...P#..........#
#.......####..#.......#P..
........# #.........####.
#####+#.# ####......# ##
.## #......# . #...†..# #.
###..### #. ##.#..###
#.......#


You could see a six-headed hydra.


Message History

The komodo dragon completely misses you.
You hit the komodo dragon but do no damage.
You feel sick. 😱 MP[+1]
You hit the komodo dragon but do no damage.
You bite the komodo dragon. You drain its power.
You feel invigorated. The komodo dragon bites you!
* * * LOW HITPOINT WARNING * * *
😱 HP[-7] MP[-4]
You take 7 damage, and now have 5/58 hp.
You lost 4 mp, and now have 8/21 mp.
You hit the komodo dragon but do no damage.
You bite the komodo dragon, but do no damage.
You feel sick. The komodo dragon barely misses you.
Activating: Cleansing Flame (45% risk of failure)
Press: ? - help, Dir - look around, f - activate The golden flame engulfs you but does no damage.
You resist.
The golden flame engulfs the komodo dragon!!
You kill the komodo dragon!
You feel sick.
You are no longer poisoned.
You hear a shout!
You hear a loud, deep croak!
Your Dodging skill increases to level 5!
Your Invocations skill increases to level 5! 😱 MP[-4]
You lost 4 mp, and now have 4/22 mp.
You start resting. 😮 HP[+31] MP[+18]
You regained 31 hp, and now have 36/58 hp.
Your mp is fully restored (22).
You start resting. 😎 HP[+22]
Your hp is fully restored (58).
l - 63 stones {throwing} (gained 1)
You open the door.
Found a stone staircase leading down.
There is an open door here.
An eight-headed hydra comes into view.
The eight-headed hydra roars!
The +4 dagger of Suicidal Tendencies {flame, rElec rF- Str+3 Dex+6, short} stops flaming.
Your +2 scimitar of flaming {long} bursts into flame!
a - a +2 scimitar of flaming (weapon)
{long}
There is an open door here.
You chop one of the eight-headed hydra's heads off!
The flame cauterises the wound!
You slash the seven-headed hydra! You burn the seven-headed hydra.
You bite the seven-headed hydra. You drain its power.
The seven-headed hydra bites you but does no damage.
The seven-headed hydra misses you. The seven-headed hydra bites you!
The seven-headed hydra barely misses you.
The seven-headed hydra bites you!
The seven-headed hydra bites you but does no damage. x2 😕 HP[-12] MP[-4]
You take 12 damage, and now have 46/58 hp.
MASSIVE DAMAGE!! (PAUSE)
You lost 4 mp, and now have 18/22 mp.
You chop one of the seven-headed hydra's heads off!
The flame cauterises the wound!
You slash the six-headed hydra! You burn the six-headed hydra.
The six-headed hydra bites you.
The six-headed hydra bites you but does no damage.
The six-headed hydra closely misses you.
You block the six-headed hydra's attack.
The six-headed hydra bites you! x2
* * * LOW HITPOINT WARNING * * *
😨 HP[-17] MP[-6]
You take 17 damage, and now have 29/58 hp.
MASSIVE DAMAGE!! (PAUSE)
You lost 6 mp, and now have 12/22 mp.
You hit the six-headed hydra. You burn the six-headed hydra.
You bite the six-headed hydra. You drain its power.
You feel invigorated.
The six-headed hydra bites you but does no damage.
The six-headed hydra bites you.
* * * LOW HITPOINT WARNING * * *
The six-headed hydra bites you but does no damage. x3
The six-headed hydra misses you. 😨 HP[-1] MP[+7]
You take 1 damage, and now have 28/58 hp.
You regained 7 mp, and now have 19/22 mp.
You hit the six-headed hydra. You burn the six-headed hydra.
The six-headed hydra bites you.
* * * LOW HITPOINT WARNING * * *
The six-headed hydra bites you.
* * * LOW HITPOINT WARNING * * *
The six-headed hydra bites you but does no damage.
You block the six-headed hydra's attack.
The six-headed hydra bites you.
* * * LOW HITPOINT WARNING * * *
The six-headed hydra bites you but does no damage.
The six-headed hydra bites you!
* * * LOW HITPOINT WARNING * * *
The six-headed hydra closely misses you.
The six-headed hydra bites you!
* * * LOW HITPOINT WARNING * * *
The six-headed hydra bites you!
* * * LOW HITPOINT WARNING * * *
The six-headed hydra bites you!
* * * LOW HITPOINT WARNING * * *
The six-headed hydra bites you!
You die...

Skill      XL: |  1  2  3  4  5  6  7  8  9 10 11 |
---------------+----------------------------------+-----
Fighting       | 3 4 5 6 |  6.7
Spellcasting   | 1 2 3 4 5 6 |  6.6
Shields        | 3 4 5 |  5.0
Armour         | 3 4 5 6 |  6.1
Translocations | 1 2 3 4 5 |  5.0
Short Blades   | 2 3 4 5 |  5.9
Dodging        | 1 2 3 4 5 |  5.0
Evocations     | 1 2 |  2.4
Invocations    | 2 4 5 |  5.0

Action                   |  1- 3 |  4- 6 |  7- 9 | 10-12 || total
-------------------------+-------+-------+-------+-------++-------
Melee: Rapier            |    94 |    32 |       |       ||   126
       Bite              |    22 |    35 |   120 |   105 ||   282
       Dagger            |       |   132 |   289 |   206 ||   627
       Scimitar          |       |       |       |     4 ||     4
Throw: Dart              |       |     3 |    23 |     3 ||    29
       Throwing net      |       |     1 |       |     2 ||     3
Invok: Cleansing Flame   |       |       |       |     1 ||     1
Evoke: Wand              |       |       |    12 |     5 ||    17
  Use: Scroll            |       |     1 |     5 |       ||     6
       Potion            |       |       |     1 |     1 ||     2
Armor: Scale mail        |    36 |    34 |       |       ||    70
       Chain mail        |       |    44 |   132 |   101 ||   277
Dodge: Dodged            |    27 |    50 |   136 |    59 ||   272
Block: Buckler           |    12 |    50 |    92 |    52 ||   206

Levels and vault maps discovered:
D:1:      psy_arrival_conway, layout_basic, basic_ecumenical_altar,
          item_on_display_a
D:2:      kennysheep_six_static_rooms, layout_loops_ring, serial_shops, shop,
          serial_bayou_pond_a
D:3:      minmay_bubble_buster, layout_loops_cross, fiery_altar_vehumet,
          serial_bayou_pond_c, minivault_24
D:4:      layout_cave_pools, hangedman_abyss_or_decor_stabs
D:5:      black_bear_nest_1, layout_cave_pods, lemuel_tele_altar, serial_shops,
          shop_statue, chequers_serial_rivers_micro_b
D:6:      layout_loops_ring, nzn_hepliaklqana_mist_gate,
          minmay_temple_entry_overgrown, nicolae_ossuary_entry_monument
D:7:      layout_basic, chequers_temple_overflow_statue_of_worship,
          nzn_ghost_randoct, serial_bayou_pond_d, lightli_minifort, uniq_joseph,
          uniq_crazy_yiuf_cottage
D:8:      layout_gridville, mainiacjoe_overflow_cross_hatched,
          david_lair_generic, minmay_hollow_rounded_squares, uniq_psyche,
          uniq_erica
Temple:   dshaligram_water_room_temple
Lair:1:   layout_roguey, uniq_urug

Notes
Turn   | Place    | Note
-------+----------+-------------------------------------------
     0 | D:1      | mcwallace the Vine Stalker Fighter began the quest for the
                  | Orb.
     0 | D:1      | Reached XP level 1. HP: 11/11 MP: 2/2
     0 | D:1      | magus.rc [v1.9.6]
   362 | D:1      | Reached XP level 2. HP: 16/16 MP: 3/3
   748 | D:1      | Found a faded altar of an unknown god.
   834 | D:1      | Reached skill level 3 in Fighting
   878 | D:1      | Reached skill level 1 in Spellcasting
   880 | D:1      | Reached XP level 3. HP: 20/20 MP: 5/5
   885 | D:1      | You fall into a shaft and drop 1 floor!
   892 | D:2      | Reached skill level 3 in Shields
  1217 | D:2      | Found Joowurep's Weapon Boutique.
  1692 | D:2      | Gained mutation: Your natural rate of healing is unusually
                  | fast. [Vine Stalker growth]
  1692 | D:2      | Reached XP level 4. HP: 18/24 MP: 7/7
  1711 | D:2      | You pick up a book of Spatial Translocations and begin
                  | reading...
  1711 | D:2      | You add the spells Blink, Lesser Beckoning and Manifold
                  | Assault to your library.
  1755 | D:2      | Learned a level 2 spell: Blink
  1936 | D:2      | Reached skill level 3 in Armour
  1942 | D:2      | Reached skill level 2 in Spellcasting
  1942 | D:2      | Reached XP level 5. HP: 28/28 MP: 7/9
  2105 | D:2      | Reached skill level 1 in Translocations
  2367 | D:3      | Identified the +4 dagger of Suicidal Tendencies {flame,
                  | rElec rF- Str+3 Dex+6}
  2743 | D:3      | Found a radiant altar of Vehumet.
  2750 | D:3      | You pick up a book of Vapours and begin reading...
  2750 | D:3      | You add the spells Poisonous Vapours and Corpse Rot to your
                  | library.
  2898 | D:4      | Reached skill level 2 in Short Blades
  2990 | D:4      | Reached XP level 6. HP: 32/32 MP: 10/10
  3319 | D:5      | Entered Level 5 of the Dungeon
  3350 | D:5      | Found a shadowy altar of Dithmenos.
  3412 | D:5      | Noticed a black bear
  3420 | D:5      | Killed a black bear
  3511 | D:5      | Reached XP level 7. HP: 35/37 MP: 10/12
  3556 | D:5      | Reached skill level 1 in Dodging
  3655 | D:5      | Reached skill level 2 in Translocations
  3655 | D:5      | Reached skill level 1 in Evocations
  3700 | D:5      | Reached skill level 4 in Fighting
  3706 | D:5      | You add the spells Tukima's Dance, Passage of Golubria and
                  | Yara's Violent Unravelling to your library.
  3738 | D:5      | Found Astumuloj's Antique Weapon Emporium.
  3777 | D:5      | Reached skill level 3 in Spellcasting
  3786 | D:5      | Reached skill level 4 in Shields
  3914 | D:5      | Reached skill level 3 in Short Blades
  3914 | D:5      | Gained mutation: You have razor-sharp teeth. [Vine Stalker
                  | growth]
  3914 | D:5      | Reached XP level 8. HP: 22/42 MP: 10/14
  4070 | D:5      | Reached skill level 2 in Dodging
  4070 | D:5      | Reached skill level 2 in Evocations
  4238 | D:5      | Reached skill level 4 in Armour
  4339 | D:6      | Reached skill level 3 in Translocations
  4552 | D:6      | Found a staircase to the Ecumenical Temple.
  4561 | D:6      | Found a sand-covered staircase.
  4562 | D:6      | You pick up a book of Dangerous Friends and begin
                  | reading...
  4562 | D:6      | You add the spells Summon Guardian Golem, Orb of
                  | Destruction and Spellforged Servitor to your library.
  4573 | Temple   | Entered the Ecumenical Temple
  4582 | Temple   | Became a worshipper of the Shining One
  4605 | Ossuary  | Entered an ossuary
  4620 | Ossuary  | Reached * piety under the Shining One
  4650 | Ossuary  | Reached skill level 4 in Spellcasting
  4844 | D:6      | Reached XP level 9. HP: 46/46 MP: 16/16
  4905 | D:6      | Reached skill level 1 in Invocations
  5292 | D:6      | Found a hazy altar of Hepliaklqana.
  5387 | D:7      | Found a hide-covered altar of Uskayaw.
  5388 | D:7      | Found a glowing silver altar of Zin.
  5393 | D:7      | Found a transporter.
  5396 | D:7      | Noticed a kobold demonologist
  5399 | D:7      | Found an ornate altar of the Wu Jian Council.
  5401 | D:7      | Found a bloodstained altar of Trog.
  5416 | D:7      | Reached ** piety under the Shining One
  5433 | D:7      | Noticed MisterPants's ghost (novice MiMo)
  5466 | D:7      | Noticed Joseph
  5481 | D:7      | HP: 11/46 [constriction (3)]
  5483 | D:7      | HP: 5/46 [constriction (5)]
  5529 | D:6      | Reached skill level 5 in Fighting
  5667 | D:7      | Killed Joseph
  5668 | D:7      | Reached skill level 4 in Short Blades
  5668 | D:7      | Reached skill level 3 in Dodging
  5668 | D:7      | Reached skill level 4 in Translocations
  5672 | D:7      | Reached skill level 5 in Shields
  5682 | D:7      | Reached skill level 2 in Invocations
  5903 | D:7      | Found a transporter.
  6045 | D:7      | You pick up a book of Dangerous Friends and begin
                  | reading...
  6155 | D:7      | Found a runed translucent door.
  6156 | D:7      | Noticed Crazy Yiuf
  6215 | D:7      | Killed Crazy Yiuf
  6278 | D:8      | Noticed a hornet
  6285 | D:8      | Paralysed by a hornet for 1 turns
  6291 | D:8      | HP: 9/47 [poisoned by a hornet]
  6292 | D:8      | Killed a hornet
  6293 | D:8      | Reached skill level 5 in Spellcasting
  6293 | D:8      | HP: 4/47 [poisoned by a hornet]
  6298 | D:7      | HP: 4/47 [poisoned by a hornet]
  6393 | D:7      | Reached skill level 5 in Armour
  6393 | D:7      | Reached XP level 10. HP: 47/51 MP: 15/18
  6398 | D:8      | Noticed Psyche
  6481 | D:8      | Reached skill level 3 in Invocations
  6508 | D:8      | Found a staircase to the Lair.
  6513 | D:8      | Noticed an elephant
  6540 | D:8      | Killed an elephant
  6612 | D:8      | You pick up a book of Blasting and begin reading...
  6612 | D:8      | You add the spells Fulminant Prism, Iskenderun's Mystic
                  | Blast and Lee's Rapid Deconstruction to your library.
  6682 | D:8      | Killed Psyche
  6683 | D:8      | Reached skill level 4 in Dodging
  6683 | D:8      | Reached skill level 5 in Translocations
  6723 | D:8      | Found a large runed translucent door.
  6723 | D:8      | Noticed a five-headed hydra
  6723 | D:8      | Reached *** piety under the Shining One
  6723 | D:8      | Noticed a centaur warrior
  6724 | D:8      | Found a large runed translucent door.
  6727 | D:8      | Found a large runed translucent door.
  6727 | D:8      | Found a large runed translucent door.
  6779 | D:8      | Reached skill level 5 in Short Blades
  6820 | D:8      | Noticed Erica
  6843 | D:8      | Killed Erica
  6844 | D:8      | Reached skill level 6 in Fighting
  6970 | D:8      | Found a basalt altar of Yredelemnul.
  7067 | D:8      | Reached skill level 4 in Invocations
  7094 | D:8      | Reached skill level 6 in Spellcasting
  7103 | D:8      | Noticed a centaur warrior
  7118 | D:8      | Killed a centaur warrior
  7177 | D:8      | Noticed a manticore
  7191 | D:8      | Killed a manticore
  7192 | D:8      | Reached XP level 11. HP: 58/58 MP: 21/21
  7216 | D:8      | Reached skill level 6 in Armour
  7448 | Lair:1   | Entered Level 1 of the Lair of Beasts
  7563 | Lair:1   | HP: 12/58 [komodo dragon (10)]
  7566 | Lair:1   | HP: 5/58 [komodo dragon (7)]
  7569 | Lair:1   | Reached skill level 5 in Dodging
  7569 | Lair:1   | Reached skill level 5 in Invocations
  7681 | Lair:1   | Noticed an eight-headed hydra
  7692 | Lair:1   | HP: 13/58 [six-headed hydra (4)]
  7692 | Lair:1   | HP: 6/58 [six-headed hydra (7)]
  7692 | Lair:1   | HP: 2/58 [six-headed hydra (4)]
  7692 | Lair:1   | Slain by a six-headed hydra

Vanquished Creatures
  Erica (D:8)
  A centaur warrior (D:8)
  A manticore (D:8)
  An elephant (D:8)
  Joseph (D:7)
  2 cane toads (Lair:1)
  A gargoyle (D:8)
  Psyche (D:8)
  A komodo dragon (Lair:1)
  A hornet (D:8)
  A basilisk (D:8)
  A wyvern (D:7)
  3 steam dragons (D:8)
  2 water moccasins
  2 orc warriors
  3 ice beasts
  2 black bears
  2 ogres (D:5)
  4 centaurs
  2 phantoms
  4 bullfrogs
  A kobold brigand (D:6)
  5 scorpions
  A gnoll sergeant (D:7)
  6 wights
  6 killer bees (D:8)
  3 howler monkeys
  An electric eel (D:7)
  A jelly (D:5)
  3 hounds
  Crazy Yiuf (D:7)
  An orc priest (D:4)
  2 gnoll boudas
  4 iguanas
  3 orc wizards
  8 mummies (Ossuary)
  23 gnolls
  5 adders
  2 shadow imps (D:8)
  3 white imps
  2 worms (D:2)
  5 dart slugs
  16 orcs
  5 endoplasms
  3 giant cockroaches
  2 gnoll zombies (Ossuary)
  6 goblins
  8 hobgoblins
  A jackal (D:3)
  14 kobolds
  2 quokkas (D:2)
  5 ball pythons
  6 bats
  8 frilled lizards
  3 hobgoblin zombies (Ossuary)
  2 kobold zombies (Ossuary)
  An orc zombie (Ossuary)
  10 rats
215 creatures vanquished.

Vanquished Creatures (others)
  A fungus (Lair:1)
  5 plants
6 creatures vanquished.

Grand Total: 221 creatures vanquished

Table legend:
 A = Non-vault XP
 B = Vault XP
 C = Vault XP percentage of total XP
 D = Non-vault monster count
 E = Vault monster count
 F = Vault count percentage of total count
                 A         B        C        D         E       F
            +---------+---------+-------+---------+---------+-------
      Total |    5955 |    5803 |  49.4 |     157 |      58 |  27.0
            +---------+---------+-------+---------+---------+-------
        D:1 |      37 |       0 |   0.0 |      22 |       0 |   0.0
        D:2 |     138 |       8 |   5.5 |      27 |       6 |  18.2
        D:3 |      56 |      13 |  18.8 |       8 |      11 |  57.9
        D:4 |     122 |       0 |   0.0 |      10 |       0 |   0.0
        D:5 |    1168 |     126 |   9.7 |      23 |       1 |   4.2
        D:6 |    1133 |       0 |   0.0 |      24 |       0 |   0.0
        D:7 |     710 |     862 |  54.8 |      24 |       8 |  25.0
        D:8 |    1194 |    4644 |  79.5 |      14 |      16 |  53.3
     Lair:1 |    1397 |       0 |   0.0 |       5 |       0 |   0.0
    Ossuary |       0 |     150 | 100.0 |       0 |      16 | 100.0
            +---------+---------+-------+---------+---------+-------

Illustrated notes

Table legend:
 A = Kills in this place as a percentage of kills in entire the game.
 B = Kills by you in this place as a percentage of kills by you in the entire game.
 C = Kills by friends in this place as a percentage of kills by friends in the entire game.
 D = Other kills in this place as a percentage of other kills in the entire game.
 E = Experience gained in this place as a percentage of experience gained in the entire game.
 F = Experience gained in this place divided by the number of levels of this place that you have seen.
                   A       B       C       D       E      F
               +-------+-------+-------+-------+-------+----------------------
         Total | 100.0 | 100.0 |   N/A |   N/A | 100.0 | 1068.9
       Dungeon |  90.2 |  90.2 |   N/A |   N/A |  86.8 | 1276.4
          Lair |   2.3 |   2.3 |   N/A |   N/A |  11.9 | 1397.0
       Ossuary |   7.4 |   7.4 |   N/A |   N/A |   1.3 | 150.0
               +-------+-------+-------+-------+-------+----------------------

Table legend: (Time is in decaauts)
 A = Elapsed time spent in this place.
 B = Non-inter-level travel time spent in this place.
 C = Inter-level travel time spent in this place.
 D = Time resting spent in this place.
 E = Time spent auto-exploring this place.
 F = Levels seen in this place.
 G = Mean time per level.
                   A        B        C        D        E       F      G
               +--------+--------+--------+--------+--------+-----+--------+
         Total |   7629 |   7262 |    367 |    175 |   4807 |  11 |  693.5 |
       Dungeon |   7179 |   6812 |    367 |    122 |   4672 |   8 |  897.4 |
        Temple |     20 |     20 |      0 |      0 |      0 |   1 |   20.0 |
          Lair |    236 |    236 |      0 |     53 |    135 |   1 |  236.0 |
       Ossuary |    192 |    192 |      0 |      0 |      0 |   1 |  192.0 |
               +--------+--------+--------+--------+--------+-----+--------+

Top non-repeatable levels by time:
     D:1: 1159 daAuts
     D:8: 1028 daAuts
     D:5: 1002 daAuts
     D:2: 991 daAuts
     D:7: 911 daAuts
     D:6: 897 daAuts
     D:3: 760 daAuts
     D:4: 427 daAuts
  Lair:1: 236 daAuts
 Ossuary: 192 daAuts
  Temple: 20 daAuts
